 Dungeon Crawl Stone Soup version 0.25-a0-566-g062765be81 (webtiles) character file.

Game seed: 1716191625504908303, levelgen mode: deterministic

17 Flugslaktarn the Shield-Bearer (level 2, -2/28 HPs)
             Began as a Deep Dwarf Fighter on Feb 28, 2020.
             Killed by divine providence
             ... invoked by an orc priest
              (16 damage)
             ... on level 3 of the Dungeon.
             The game lasted 00:00:08 (116 turns).

Flugslaktarn the Shield-Bearer (Deep Dwarf Fighter)  Turns: 116, Time: 00:00:09

Health: -2/28      AC:  6    Str: 19    XL:     2   Next: 44%
Magic:  2/2        EV:  7    Int:  8    God:
Gold:   12         SH:  9    Dex: 12    Spells: 1/1 levels left

rFire    . . .     SeeInvis .   a - +0 war axe
rCold    . . .     Gourm    .   c - +0 kite shield
rNeg     . . .     Faith    .   b - +0 scale mail
rPois    .         Spirit   .   (no helmet)
rElec    .         Reflect  .   (no cloak)
rCorr    .         Harm     .   (no gloves)
MR       .....                  (no boots)
Stlth    ..........             (no amulet)
HPRegen  0.00/turn              (no ring)
MPRegen  0.08/turn              (no ring)

@: non-regenerating
A: damage resistance, heal wounds, sense surroundings 1, no regeneration
a: Heal Wounds


You were on level 3 of the Dungeon.
You were not hungry.

You visited 1 branch of the dungeon, and saw 3 of its levels.

You collected 12 gold pieces.

Inventory:

Hand Weapons
 a - a +0 war axe (weapon)
Armour
 b - a +0 scale mail (worn)
 c - a +0 kite shield (worn)
Scrolls
 h - a scroll of immolation {unknown}
Potions
 d - a potion of might
 f - a potion of mutation {unknown}
Comestibles
 e - a ration
 g - 2 chunks of flesh


   Skills:
 * Level 3.0 Fighting
 * Level 2.6 Axes
 + Level 3.4 Armour
 + Level 3.5 Shields


You had one spell level left.
You didn't know any spells.
Your spell library was empty.

Dungeon Overview and Level Annotations

Branches:
Dungeon (3/15)

Altars:


Innate Abilities, Weirdness & Mutations

You are resistant to damage.
You can heal yourself by infusing magical energy.
You passively map a small area around you.
You do not regenerate.


Message History

The boomerang closely misses you.
The weapon returns to the orc!
You slash the orc priest!
The orc priest is severely wounded.
You miss the frilled lizard. You closely miss the orc. You hit the orc.
The orc hits you with a cursed -1 club. The frilled lizard barely misses you.
The orc throws a boomerang.
The boomerang hits you.
The weapon returns to the orc!
The orc priest hits you with a +0 whip. The orc hits you with a +0 mace.
The orc throws a boomerang.
The boomerang hits you.
The weapon returns to the orc!
You block the frilled lizard's attack. The orc hits you but does no damage.
You hit the orc.
You kill the orc!
You completely miss the orc priest. You slash the frilled lizard!
You kill the frilled lizard!
Your shield and scale mail prevent you from hitting the orc.
You barely miss the adder.
The orc priest mumbles some strange prayers to Beogh against you.
Beogh smites you!
Ouch! That really hurt!
You die...

* * # *,
,##. ###..
, , ?#.#*
...#
####o>.####
#..@S.g...#
#..ooo.....
#?.......$#
* ,
#.##...####
#. ...# ,
#.* ...# *
, # **#.##
* * .. *
##.* *


You could see an orc priest, an adder, 3 orcs and a goblin.

Vanquished Creatures
  A worm (D:2)
  2 dart slugs
  2 orcs (D:3)
  A goblin (D:2)
  A hobgoblin (D:1)
  A frilled lizard (D:3)
  A rat (D:3)
9 creatures vanquished.

Notes
Turn   | Place    | Note
-------+----------+-------------------------------------------
     0 | D:1      | Flugslaktarn the Deep Dwarf Fighter began the quest for the
                  | Orb.
     0 | D:1      | Reached XP level 1. HP: 20/20 MP: 1/1
   106 | D:2      | Reached XP level 2. HP: 27/27 MP: 2/2
   116 | D:3      | Killed from afar by an orc priest

Levels and vault maps discovered:
D:1:      lightli_arrival_noodles, layout_loops_ring, kennysheep_boxes
D:2:      layout_loops_ring
D:3:      layout_loops_ring, nicolae_qazlal_eye_of_the_storm

Skill      XL: |  1  2 |
---------------+-------+-----
Fighting       | 3 |  3.0
Axes           | |  2.6
Armour         | |  3.4
Shields        | |  3.5

Action                   || total
-------------------------++-------
Melee: War axe           ||    11
Armor: Scale mail        ||     3
Dodge: Dodged            ||     5
Block: Kite shield       ||     7

Table legend:
 A = Non-vault XP
 B = Vault XP
 C = Vault XP percentage of total XP
 D = Non-vault monster count
 E = Vault monster count
 F = Vault count percentage of total count
                 A         B        C        D         E       F
            +---------+---------+-------+---------+---------+-------
      Total |      25 |       0 |   0.0 |       9 |       0 |   0.0
            +---------+---------+-------+---------+---------+-------
        D:1 |       6 |       0 |   0.0 |       2 |       0 |   0.0
        D:2 |      11 |       0 |   0.0 |       3 |       0 |   0.0
        D:3 |       8 |       0 |   0.0 |       4 |       0 |   0.0
            +---------+---------+-------+---------+---------+-------
